 Dungeon Crawl Stone Soup version 0.28.0-53-g5a82cb258f (webtiles) character file.

Game seed: 11186217219034872907

37 H0rd4k the Charlatan (level 3, 0/26 HPs)
             Began as a Human Artificer on May 24, 2022.
             Succumbed to a goblin's poison
             ... on level 2 of the Dungeon.
             The game lasted 00:01:38 (1660 turns).

H0rd4k the Charlatan (Human Artificer)              Turns: 1660, Time: 00:01:39

Health: 0/26       AC:  3    Str: 12    XL:     3   Next: 62%
Magic:  3/3        EV: 11    Int: 13    God:
Gold:   32         SH:  0    Dex: 13    Spells: 2/2 levels left

rFire   . . .      SeeInvis .   h - +0 falchion
rCold   . . .      Faith    .   (no shield)
rNeg    . . .      Spirit   .   b - +0 leather armour
rPois   .          Reflect  .   (no helmet)
rElec   .          Harm     .   (no cloak)
rCorr   .          Rampage  .   (no gloves)
Will    .....                   (no boots)
Stlth   +.........              (no amulet)
HPRegen 0.08/turn               (no ring)
MPRegen 0.08/turn               (no ring)

@: lethally poisoned (0 -> -25)
A: no striking features
a: no special abilities


You were on level 2 of the Dungeon.
You visited 1 branch of the dungeon, and saw 2 of its levels.

You collected 32 gold pieces.

Inventory:

Hand Weapons
 a - a +0 club
 h - a +0 falchion (weapon)
Armour
 b - a +0 leather armour (worn)
Wands
 c - a wand of flame (9) (quivered)
 d - a wand of charming (15)
Scrolls
 f - a scroll of teleportation {unknown}
 i - a scroll of enchant armour {unknown}
Potions
 g - 2 potions of mutation {unknown}
Miscellaneous
 e - a piece from Xom's chessboard (15/15)


   Skills:
 + Level 1.1 Fighting
 + Level 0.4 Long Blades
 + Level 0.5 Maces & Flails
 + Level 2.3 Armour
 + Level 1.2 Dodging
 + Level 1.0 Stealth
 + Level 3.7 Evocations


You had 2 spell levels left.
You didn't know any spells.
Your spell library contained the following spells:

 Spells                   Type           Power      Damage    Failure   Level
 Gell's Gravitas          Tloc           0%         N/A       75%         3
 Teleport Other           Tloc           0%         N/A       75%         3
 Dispersal                Tloc           0%         N/A       100%        6


Dungeon Overview and Level Annotations

Branches:
Dungeon (2/15)

Altars:

Shops:
D:1 (


Message History

The endoplasm freezes you.
You are frozen.
You barely miss the endoplasm.
The endoplasm is almost dead.
The endoplasm freezes you.
You are frozen.
You hit the endoplasm.
You kill the endoplasm!
Press: ? - help, v - describe, . - travel
Here: a goblin, wielding a +1 dagger of venom The floor.
Aiming: Throw Flame
Press: ? - help, Shift-Dir - straight line, f - goblin
Aim: a goblin, wielding a +1 dagger of venom (64% to hit)
The puff of flame hits the goblin.
The goblin is severely wounded.
The goblin hits you but does no damage.
You are poisoned.
Aiming: Throw Flame
Press: ? - help, Shift-Dir - straight line, f/p - goblin
Aim: a goblin, wielding a +1 dagger of venom (severely wounded, 64% to hit)
The puff of flame misses the goblin.
The puff of flame misses the frilled lizard.
You feel sick. The goblin hits you but does no damage.
You are lethally poisoned!
Aiming: Throw Flame
Press: ? - help, Shift-Dir - straight line, f/p - goblin
Aim: a goblin, wielding a +1 dagger of venom (severely wounded, 64% to hit)
The puff of flame misses the goblin.
The puff of flame misses the frilled lizard.
You feel very sick.
The goblin hits you with a +1 dagger of venom.
* * * LOW HITPOINT WARNING * * *
You are more poisoned.
Aiming: Throw Flame
Press: ? - help, Shift-Dir - straight line, f/p - goblin
Aim: a goblin, wielding a +1 dagger of venom (severely wounded, 64% to hit)
The puff of flame hits the goblin.
You kill the goblin!
You die...

.... .....# ....###
.....# ....(.. .....##
.......#.......
...........# .(.#....#
......Jl# <##.###)#
.#### ###@# ..... #...#
#...##.###.####
#.............. ..#
.####...###.#### #.#
................ #.#
.####...####.#.####.####
#...# #.#.##......#
.####...####.#.##.#.##.#


You could see an endoplasm and a frilled lizard.

Vanquished Creatures
  A dart slug (D:1)
  3 endoplasms
  A giant cockroach (D:1)
  2 goblins
  4 hobgoblins
  6 jackals (D:1)
  2 kobolds (D:1)
  A quokka (D:2)
  4 ball pythons (D:1)
  4 bats (D:1)
  2 frilled lizards (D:1)
  2 rats (D:1)
32 creatures vanquished.

Notes
Turn   | Place    | Note
-------+----------+-------------------------------------------
     0 | D:1      | H0rd4k the Human Artificer began the quest for the Orb.
     0 | D:1      | Reached XP level 1. HP: 15/15 MP: 1/1
   508 | D:1      | Reached XP level 2. HP: 16/21 MP: 2/2
   749 | D:1      | Reached XP level 3. HP: 2/26 MP: 3/3
  1262 | D:1      | Found Jilehul's Weapon Boutique.
  1660 | D:2      | Succumbed to a goblin's poison

Illustrated notes

Levels and vault maps discovered:
D:1:      heliophobic_arrival_henge, layout_loops_cross, serial_shops,
          nicolae_shop_bloodbath_and_beyond
D:2:      layout_basic, chequers_ecumenical_altar_simple, minmay_lizard_pond,
          uniq_crazy_yiuf_cottage

Action                   || total
-------------------------++-------
Melee: Club              ||    27
       Falchion          ||    72
       Punch             ||     1
Evoke: Wand              ||     6
 Stab: Sleeping          ||     2
Armor: Leather armour    ||    21
Dodge: Dodged            ||    69
